 Dungeon Crawl Stone Soup version 0.31-a0-246-g8cbcc1cb85 (webtiles) character file.

Game seed: 8089233784802771540

3091 Newt the Mimic (level 9, -3/68 HPs)
             Began as a Demonspawn Gladiator on July 12, 2023.
             Was a Priest of Okawaru.
             Collided with a rock wall (4 damage)
             ... caused by Erica
             ... on level 8 of the Dungeon.
             The game lasted 00:10:13 (10265 turns).

Newt the Mimic (Demonspawn Gladiator)              Turns: 10265, Time: 00:10:14

Health: -3/68      AC:  6    Str: 20    XL:     9   Next: 59%
Magic:  8/9        EV: 19    Int:  9    God:    Okawaru [***...]
Gold:   378        SH:  0    Dex: 14    Spells: 8/8 levels left

rFire   . . .        n - +0 flail
rCold   . . .        (no shield)
rNeg    . . .        H - melded +0 ring mail of Existentialism {rElec Str+2}
rPois   .            c - +0 helmet
rElec   .            o - +2 cloak
rCorr   .            i - +1 pair of gloves
SInv    .            (no boots)
Will    .....        (no amulet)
Stlth   +            (no ring)
HPRegen 0.31/turn    (no ring)
MPRegen 0.11/turn

%: no passive effects
@: mighty, agile, maw-form, studying Maces & Flails
A: devouring maw, repulsion field 1, powered by pain 1, weakness stinger 1
a: Renounce Religion, Heroism


You were on level 8 of the Dungeon.
You worshipped Okawaru.
Okawaru was most pleased with you.
You were a creature with a mouth for a stomach.
You visited 1 branch of the dungeon, and saw 8 of its levels.

You collected 378 gold pieces.

Inventory:

Hand Weapons
 a - a +0 rapier
 n - a +0 flail (weapon)
Missiles
 e - a javelin
 f - 8 boomerangs (quivered)
 j - 4 atropa-tipped darts
 E - a throwing net
Armour
 b - a +0 leather armour
 c - a +0 helmet (worn)
 i - a +1 pair of gloves (worn)
 o - a +2 cloak (worn)
 p - a +0 cloak
 y - a +0 helmet
 G - +0 acid dragon scales
 H - the +0 ring mail of Existentialism (melded) {rElec Str+2}
   (You found it on level 5 of the Dungeon)

   Str:       It affects your strength (+2).
   rElec:     It insulates you from electricity.
Jewellery
 k - a ring of ice
 F - a ring of magical power
Talismans
 s - a maw talisman
Wands
 q - a wand of flame (38)
 C - a wand of mindburst (17)
Scrolls
 g - 2 scrolls of teleportation
 m - 2 scrolls of poison {unknown}
 r - 3 scrolls of immolation {unknown}
 t - 2 scrolls of fog {unknown}
 v - a scroll of torment {unknown}
 A - a scroll of summoning {unknown}
 B - a scroll of fear {unknown}
 D - a scroll of enchant weapon {unknown}
Potions
 d - 2 potions of curing
 h - a potion of haste
 u - 2 potions of might
 w - a potion of degeneration {unknown}
 x - a potion of attraction {unknown}
 z - a potion of enlightenment {unknown}
 I - a potion of mutation {unknown}


   Skills:
 - Level 5.0 Fighting
 - Level 2.6 Short Blades
 + Level 6.2 Maces & Flails
 - Level 1.7 Throwing
 - Level 2.6 Dodging
 - Level 9.0 Shapeshifting


You had 8 spell levels left.
You didn't know any spells.
Your spell library contained the following spells:

 Spells                   Type           Power      Damage    Failure   Level
 Gell's Gravitas          Tloc           0%         N/A       77%         3
 Teleport Other           Tloc           0%         N/A       77%         3
 Dispersal                Tloc           0%         N/A       100%        6


Dungeon Overview and Level Annotations

Branches:
Dungeon (8/15)             Temple (0/1) D:4
   Lair: D:8-11

Altars:
Cheibriados
Dithmenos
Hepliaklqana
Nemelex Xobeh
Okawaru
Trog

Annotations:
D:8 Erica


Innate Abilities, Weirdness & Mutations

You are a creature with a mouth for a stomach.
Your midsection houses a second, enormous mouth.
You are surrounded by a mild repulsion field. (EV +2)
You sometimes gain a little power by taking damage.
You have a small tail.


Message History

You hit the killer bee.
Your tail-slap misses the killer bee.
Your bite misses the killer bee.
The killer bee is severely wounded.
You feel sick.
The killer bee stings you but does no damage.
The orc hits you from afar with a +0 trident.
* * * LOW HITPOINT WARNING * * *
The killer bee stings you but does no damage.
You miss the killer bee. Your bite misses the killer bee.
The killer bee is severely wounded.
The killer bee completely misses you. The orc closely misses you.
The killer bee stings you!
* * * LOW HITPOINT WARNING * * *
You focus on the pain.
You feel very mighty all of a sudden.
It was a potion of curing.
You feel better. The killer bee misses you. The orc misses you.
The killer bee closely misses you.
You miss the killer bee.
The killer bee buzzes angrily.
You tail-slap the killer bee.
You devour the killer bee!
You feel better.
You kill the killer bee!
Okawaru accepts your kill.
The orc hits you from afar with a +0 trident.
* * * LOW HITPOINT WARNING * * *
You feel like a meek peon again. The orc closely misses you.
You hit the orc.
Your tail-slap misses the orc.
You bite the orc.
You devour the orc!
You feel better.
You kill the orc!
Okawaru accepts your kill.
Unknown command.
You hear some strange, mumbled words.
A lance of force appears from out of thin air!
The lance of force hits you!!
* * * LOW HITPOINT WARNING * * *
You focus on the pain.
You feel agile all of a sudden.
You are knocked back by the lance of force.
You slam into the rock wall!
You die...

#....##.##...#
#...<......#######
#.............##....#
....................#
..##...........#....#
. ###.#######.#....#
...........{....#
###.#######.#y...# ..
#W#....# #####....#
####......###
#......#..#
...####.#...#
.###y?..#.#.#
#.o.#..#.#..#
#..yy#ยง##.##.#
#....##.#..# .#


There were no monsters in sight!

Vanquished Creatures
  A hornet (D:7)
  Menkaure (D:5)
  An acid dragon (D:5)
  2 water moccasins
  A sky beast (D:7)
  An ice beast (D:5)
  An orc warrior (D:7)
  4 black bears
  An ogre (D:5)
  A centaur (D:6)
  2 phantoms
  2 bullfrogs
  A kobold brigand (D:7)
  A gnoll sergeant (D:6)
  2 scorpions (D:5)
  2 killer bees (D:8)
  5 hounds
  Crazy Yiuf (D:5)
  A gnoll bouda (D:7)
  4 orc priests
  4 jellies
  Ijyb (D:5)
  Terence (D:3)
  2 sleepcaps
  2 orc wizards
  3 iguanas
  16 gnolls
  10 adders
  A shadow imp (D:6)
  A white imp (D:6)
  An ufetubus (D:7)
  A worm (D:4)
  4 dart slugs
  23 orcs
  6 endoplasms
  4 giant cockroaches
  8 goblins
  7 hobgoblins
  3 jackals (D:1)
  4 quokkas
  3 ball pythons
  A bat (D:3)
  A frilled lizard (D:2)
  10 kobolds
  4 rats
156 creatures vanquished.

Notes
Turn   | Place    | Note
-------+----------+-------------------------------------------
     0 | D:1      | Newt the Demonspawn Gladiator began the quest for the Orb.
     0 | D:1      | Reached XP level 1. HP: 16/16 MP: 1/1
   251 | D:1      | Gained mutation: You have a small tail. [demonic ancestry]
   251 | D:1      | Reached XP level 2. HP: 16/23 MP: 2/2
   571 | D:1      | Reached XP level 3. HP: 29/29 MP: 3/3
  1083 | D:2      | Identified a scroll of acquirement
  1083 | D:2      | Acquired a manual of Maces & Flails
  1119 | D:2      | Found a bloodstained altar of Trog.
  1708 | D:3      | Gained mutation: You are surrounded by a mild repulsion
                  | field. (EV +2) [demonic ancestry]
  1708 | D:3      | Reached XP level 4. HP: 6/38 MP: 4/4
  2066 | D:3      | Reached skill level 5 in Fighting
  2066 | D:3      | Reached skill level 1 in Maces & Flails
  2378 | D:3      | Noticed Terence
  2385 | D:3      | Killed Terence
  2386 | D:3      | Reached XP level 5. HP: 33/44 MP: 5/5
  2487 | D:3      | Found a snail-covered altar of Cheibriados.
  2871 | D:3      | Found a faded altar of an unknown god.
  3269 | D:4      | Found an iron altar of Okawaru.
  3332 | D:4      | Found a hazy altar of Hepliaklqana.
  3401 | D:4      | Became a worshipper of Warmaster Okawaru
  3456 | D:4      | Noticed a black bear
  3473 | D:4      | Killed a black bear
  3474 | D:4      | Reached skill level 5 in Maces & Flails
  3474 | D:4      | Reached XP level 6. HP: 28/51 MP: 6/6
  3758 | D:4      | Found a staircase to the Ecumenical Temple.
  3842 | D:4      | Found a sparkling altar of Nemelex Xobeh.
  3896 | D:4      | Reached skill level 1 in Shapeshifting
  4519 | D:5      | Entered Level 5 of the Dungeon
  4526 | D:4      | Reached skill level 2 in Shapeshifting
  4864 | D:5      | Noticed Menkaure
  4875 | D:5      | Killed Menkaure
  4876 | D:5      | Reached skill level 3 in Shapeshifting
  4876 | D:5      | Reached XP level 7. HP: 21/56 MP: 7/7
  4885 | D:5      | Reached * piety under Okawaru
  5251 | D:5      | Found a runed translucent door.
  5252 | D:5      | Noticed Crazy Yiuf
  5300 | D:5      | Reached skill level 4 in Shapeshifting
  5947 | D:5      | Noticed Ijyb
  5957 | D:5      | Killed Ijyb
  6008 | D:5      | Reached XP level 8. HP: 22/62 MP: 8/8
  6014 | D:5      | Reached skill level 5 in Shapeshifting
  6399 | D:5      | Reached ** piety under Okawaru
  6690 | D:5      | Reached skill level 6 in Shapeshifting
  6909 | D:5      | You fall into a shaft and drop 1 floor!
  7519 | D:6      | Reached skill level 7 in Shapeshifting
  7666 | D:6      | Gained mutation: You sometimes gain a little power by
                  | taking damage. [demonic ancestry]
  7666 | D:6      | Reached XP level 9. HP: 17/68 MP: 9/9
  8122 | D:6      | Found a shadowy altar of Dithmenos.
  8547 | D:5      | Identified the +0 ring mail of Existentialism {rElec Str+2}
  8674 | D:5      | Killed Crazy Yiuf
  9116 | D:7      | Reached skill level 8 in Shapeshifting
  9294 | D:7      | Reached *** piety under Okawaru
  9953 | D:7      | Reached skill level 9 in Shapeshifting
 10235 | D:8      | Noticed Erica
 10265 | D:8      | HP: 1/68 [something/lance of force (19)]
 10265 | D:8      | Collided with a rock wall

Illustrated notes

Levels and vault maps discovered:
D:1:      reono_arrival_mine, layout_basic
D:2:      layout_basic, basic_altar, minmay_tiny_reverse_x
D:3:      layout_basic, kennysheep_slug_shrine, mainiacjoe_overflow_alcove_4,
          basic_ecumenical_altar, uniq_terence
D:4:      layout_loops_ring, mainiacjoe_overflow_alcove_2,
          mainiacjoe_overflow_catch_the_wave,
          minmay_temple_entry_statues_fountains, minmay_joined_circles
D:5:      layout_loops_corners, uniq_menkaure, uniq_ijyb,
          uniq_crazy_yiuf_cottage
D:6:      layout_loops_ring, kennysheep_mini, lemuel_round_altar
D:7:      layout_basic
D:8:      minmay_evil_eye, layout_rooms, elyvilon_altar_1,
          mainiacjoe_overflow_alcove_1, kennysheep_decorative_pillar,
          uniq_joseph, uniq_grum, uniq_erica

Skill      XL: |  1  2  3  4  5  6  7  8  9 |
---------------+----------------------------+-----
Fighting       | 3 4 5 |  5.0
Maces & Flails | 2 5 6 |  6.2
Shapeshifting  | 3 4 7 9 |  9.0
Short Blades   | |  2.6
Throwing       | |  1.7
Dodging        | |  2.6

Action                     |  1- 3 |  4- 6 |  7- 9 || total
---------------------------+-------+-------+-------++-------
  Melee: Rapier            |   144 |    23 |       ||   167
         Tailslap          |    10 |    21 |    72 ||   103
         Punch             |     3 |       |     8 ||    11
         Flail             |       |   137 |   410 ||   547
         Maw               |       |       |     2 ||     2
  Throw: Javelin           |     1 |     1 |     1 ||     3
         Boomerang         |       |    16 |     4 ||    20
         Throwing net      |       |     3 |     4 ||     7
         Dart              |       |     4 |     2 ||     6
 Invoke: Heroism           |       |       |     1 ||     1
  Evoke: Wand              |       |       |     5 ||     5
    Use: Scroll            |     4 |     3 |     1 ||     8
         Potion            |       |       |     3 ||     3
   Stab: Sleeping          |     1 |       |       ||     1
         Held in net/web   |       |     2 |     2 ||     4
         Invisible         |       |     2 |     1 ||     3
 Armour: Leather armour    |    57 |    60 |    91 ||   208
         Ring mail         |       |       |    59 ||    59
         Skin              |       |       |     8 ||     8
  Dodge: Dodged            |   107 |   124 |   307 ||   538
   Form: Maw               |       |       |     1 ||     1

Table legend: (Time is in decaauts)
 A = Elapsed time spent in this place.
 B = Non-inter-level travel time spent in this place.
 C = Inter-level travel time spent in this place.
 D = Time resting spent in this place.
 E = Time spent auto-exploring this place.
 F = Levels seen in this place.
 G = Mean time per level.
                   A        B        C        D        E       F      G
               +--------+--------+--------+--------+--------+-----+--------+
         Total |  10363 |  10078 |    285 |   3715 |   4939 |   8 | 1295.4 |
       Dungeon |  10363 |  10078 |    285 |   3715 |   4939 |   8 | 1295.4 |
               +--------+--------+--------+--------+--------+-----+--------+

Top non-repeatable levels by time:
     D:5: 2637 daAuts
     D:4: 1810 daAuts
     D:6: 1503 daAuts
     D:3: 1455 daAuts
     D:7: 1285 daAuts
     D:1: 843 daAuts
     D:2: 766 daAuts
     D:8: 60 daAuts
